 Dungeon Crawl Stone Soup version 0.28.0-53-g5a82cb258f (webtiles) character file.

Game seed: 12675511109583195225

179 Zeld the Bolt Thrower (level 5, 0/41 HPs)
             Began as a Barachi Hunter on June 8, 2022.
             Was an Initiate of Dithmenos.
             Slain by a hound (5 damage)
             ... on level 4 of the Dungeon.
             The game lasted 00:03:07 (3759 turns).

Zeld the Bolt Thrower (Barachi Hunter)              Turns: 3759, Time: 00:03:08

Health: 0/41       AC:  3    Str: 15    XL:     5   Next: 59%
Magic:  5/5        EV: 12    Int: 11    God:    Dithmenos [......]
Gold:   110        SH:  0    Dex: 13    Spells: 4/4 levels left

rFire   . . .      SeeInvis .   (no weapon)
rCold   . . .      Faith    .   (no shield)
rNeg    . . .      Spirit   .   c - +0 leather armour
rPois   .          Reflect  .   (no helmet)
rElec   .          Harm     .   (no cloak)
rCorr   .          Rampage  .   (no gloves)
Will    .....                   (no boots)
Stlth   +.........              (no amulet)
HPRegen 0.13/turn               (no ring)
MPRegen 0.09/turn               (no ring)

@: confused, unable to hop, slow
A: amphibious, slowness 1, strong legs 1, +LOS
a: Hop, Renounce Religion


You were on level 4 of the Dungeon.
You worshipped Dithmenos.
Dithmenos was noncommittal.
You visited 2 branches of the dungeon, and saw 5 of its levels.

You collected 110 gold pieces.

Inventory:

Hand Weapons
 a - a +1 hand crossbow
 p - the +7 war axe "Kiroxtun" {venom, rN+ Dex+2}
   (You found it on level 4 of the Dungeon)

   It poisons the flesh of those it strikes.
   Dex:       It affects your dexterity (+2).
   rN:        It protects you from negative energy.
Missiles
 d - 4 bolts
Armour
 c - a +0 leather armour (worn)
Scrolls
 b - a scroll of fog {unknown}
 f - a scroll of identify {unknown}
 h - 2 scrolls of fear {unknown}
 j - a scroll of torment {unknown}
 k - 2 scrolls of blinking {unknown}
 m - a scroll of noise {unknown}
 n - a scroll of summoning {unknown}
 o - a scroll of teleportation {unknown}
Potions
 e - 3 potions of haste {unknown}
 g - 2 potions of berserk rage {unknown}
 i - a potion of attraction {unknown}
 l - 2 potions of curing {unknown}


   Skills:
 + Level 3.4 Fighting
 * Level 5.0 Crossbows
 + Level 3.1 Dodging
 * Level 3.1 Stealth


You had 4 spell levels left.
You didn't know any spells.
Your spell library contained the following spells:

 Spells                   Type           Power      Damage    Failure   Level
 Gell's Gravitas          Tloc           0%         N/A       78%         3
 Lesser Beckoning         Tloc           0%         N/A       78%         3
 Teleport Other           Tloc           0%         N/A       78%         3
 Tukima's Dance           Hex            0%         N/A       78%         3
 Passage of Golubria      Tloc           0%         N/A       99%         4
 Yara's Violent Unravell  Hex/Tmut       0%         3d3       100%        5


Dungeon Overview and Level Annotations

Branches:
Dungeon (4/15)             Temple (1/1) D:4

Altars:
Dithmenos
Elyvilon
Gozag
Hepliaklqana
Qazlal
Sif Muna
Uskayaw
Yredelemnul
Zin
The Shining One

Annotations:
D:4 1 runed translucent door


Innate Abilities, Weirdness & Mutations

You are amphibious.
You cover ground slowly.
You can hop short distances.
You have an extended range of vision and can be seen from far away.


Message History

The iguana bites you. The orc wizard casts a spell at you.
The puff of flame hits you!
There is a staircase to the Ecumenical Temple, spattered with blood here.
Unknown command.
The iguana closely misses you.
The orc wizard hits you with a +0 dagger.
The iguana barely misses you.
The orc wizard casts a spell.
The orc wizard flickers and vanishes!
Deactivating autopickup; reactivate with Ctrl-A.
The iguana barely misses you. The hound bites you but does no damage.
The hound closely misses you. The hound bites you but does no damage.
The hound bites you but does no damage. The hound bites you.
The hound completely misses you.
The iguana bites you but does no damage.
The hound bites you but does no damage. The iguana bites you!
You see here the +7 war axe "Kiroxtun" {venom, rN+ Dex+2}.
p - the +7 war axe "Kiroxtun" {venom, rN+ Dex+2} The hound closely misses you.
The hound bites you. The iguana closely misses you.
Hop to where?
Press: ? - help, Dir - move target Boing!
The adder hisses angrily.
The hound misses you.
You hear some strange, mumbled words.
You are confused.
The hound barely misses you.
You're too confused to move!
The hound bites you.
* * * LOW HITPOINT WARNING * * *
You bump into the stone wall.
The hound bites you.
* * * LOW HITPOINT WARNING * * *
The hound closely misses you. Something hits you.
* * * LOW HITPOINT WARNING * * *
Unknown command.
The hound bites you.
You die...

#.....###.## ..
######..........###.## .
#.......##...##......#..
#.......##...##........
#....................#
#<.........>.........
##..................#
#....?...##...##....#
....<....##...##@..##
...............h...#
#...........<#S##.##
#.............l# .#
...(..........## ..
...................#
.........[...?...###
...................
..........#..#.##....


You could see an iguana, a hound and an adder.

Vanquished Creatures
  An orc priest (D:3)
  7 adders
  3 dart slugs
  3 orcs
  6 ball pythons
  6 endoplasms
  2 giant cockroaches
  3 goblins
  6 hobgoblins
  9 jackals
  A quokka (D:2)
  7 bats
  4 frilled lizards
  9 kobolds
  8 rats
75 creatures vanquished.

Vanquished Creatures (others)
  A withered plant (D:1)
1 creature vanquished.

Grand Total: 76 creatures vanquished

Notes
Turn   | Place    | Note
-------+----------+-------------------------------------------
     0 | D:1      | Zeld the Barachi Hunter began the quest for the Orb.
     0 | D:1      | Reached XP level 1. HP: 17/17 MP: 1/1
    27 | D:1      | Reached skill level 1 in Stealth
   112 | D:1      | Reached XP level 2. HP: 10/23 MP: 2/2
   534 | D:1      | Reached XP level 3. HP: 28/28 MP: 3/3
   711 | D:1      | Found a faded altar of an unknown god.
  1018 | D:2      | Reached XP level 4. HP: 31/35 MP: 4/4
  1885 | D:3      | Reached XP level 5. HP: 41/41 MP: 5/5
  3105 | D:4      | Found a staircase to the Ecumenical Temple.
  3162 | D:4      | Found a runed translucent door.
  3173 | Temple   | Entered the Ecumenical Temple
  3175 | Temple   | Reached skill level 5 in Crossbows
  3714 | Temple   | Became a worshipper of Dithmenos the Shadowed
  3748 | D:4      | Identified the +7 war axe "Kiroxtun" {venom, rN+ Dex+2}
  3759 | D:4      | Slain by a hound

Illustrated notes

Levels and vault maps discovered:
D:1:      dpeg_arrival_more_subterranean_lakeside_camping, layout_loops_ring,
          shapermc_ecumenical_altar_flowoftime, minmay_heptomino_o4
D:2:      layout_basic
D:3:      layout_basic, small_statue_intersection
D:4:      layout_rooms, trog_ov_bears_minmay, minmay_temple_entry_stoned_glass,
          portal_sewer_entry_b, ebering_ghost_sewer_d
Temple:   minmay_temple_curvy_branch

Skill      XL: |  1  2  3  4  5 |
---------------+----------------+-----
Stealth        | 1 2 3 |  3.1
Fighting       | 3 |  3.4
Dodging        | 3 |  3.1
Crossbows      | 5 |  5.0

Action                   |  1- 3 |  4- 6 || total
-------------------------+-------+-------++-------
Melee: Unarmed           |       |     8 ||     8
 Fire: Hand crossbow     |    86 |    64 ||   150
 Abil: Hop               |       |     1 ||     1
Armor: Leather armour    |    10 |    17 ||    27
Dodge: Dodged            |    14 |    44 ||    58
